 Dungeon Crawl Stone Soup version 0.30-a0-1112-gfb780f5df6 (webtiles) character file.

Game seed: 7940767211059607534

31210 IdlyInterested the Basher (level 13, -9/163 HPs)
             Began as a Demonspawn Fighter on Apr 18, 2023.
             Was an Elder of Trog.
             Mangled by a skeletal warrior
             ... wielding a +0 battleaxe
              (22 damage)
             ... on level 14 of the Dungeon on Apr 19, 2023.
             The game lasted 00:53:29 (15622 turns).

IdlyInterested the Basher (Demonspawn Fighter)     Turns: 15622, Time: 00:53:30

Health: -9/163     AC: 15    Str: 23    XL:     13   Next: 24%
Magic:  13/13      EV: 12    Int:  8    God:    Trog [****..]
Gold:   1892       SH:  6    Dex: 15    Spells: 12/12 levels left

rFire   + . .      SeeInvis .    Y - +5 flail "Lauchig" {speed, Int+2}
rCold   + . .      Faith    .    c - +0 buckler
rNeg    . . .      Spirit   .    T - +0 acid dragon scales
rPois   .          Reflect  .    (helmet restricted)
rElec   .          Rampage  .    p - +2 cloak
rCorr   +                        U - +0 pair of gloves
Will    ++...                    (no boots) Stlth
                                 b - amulet of the acrobat
HPRegen 1.47/turn                f - ring of protection from fire
MPRegen 0.13/turn                d - ring of protection from cold

@: berserking, strong-willed, regenerating, very quick
A: antennae 2, slimy green scales 2, ignite blood 1, powered by death 2, hooves
1, dopey 1, strong 1
a: Renounce Religion, Berserk, Trog's Hand, Brothers in Arms


You were on level 14 of the Dungeon.
You worshipped Trog.
Trog was greatly pleased with you.
You visited 2 branches of the dungeon, and saw 15 of its levels.

You collected 2136 gold pieces.
You spent 244 gold pieces at shops.

Inventory:

Hand Weapons
 h - a +5 mace
 x - a +1 morningstar
 P - a +0 whip of electrocution
 Q - a +0 morningstar
 R - a +0 flail of draining
 Y - the +5 flail "Lauchig" (weapon) {speed, Int+2}
   (You found it on level 12 of the Dungeon)

   Int:       It affects your intelligence (+2).
Missiles
 i - 7 boomerangs of dispersal
 k - 24 stones (quivered)
 r - 13 poisoned darts
 F - 4 throwing nets
 L - 5 boomerangs
Armour
 c - a +0 buckler (worn)
 e - the +2 pair of slick slippers {slick, slippery, EV+4}
   (You acquired it on level 5 of the Dungeon)

   Slick:     Its wearer cannot be constricted, engulfed, netted or webbed.
   Slippery:  Its wearer slips away from damaging melee attacks, pulling the
   attacker onward.
   EV:        It affects your evasion (+4).
 j - a +1 plate armour
 p - a +2 cloak (worn)
 T - +0 acid dragon scales (worn)
 U - a +0 pair of gloves (worn)
 V - a +0 pair of boots of rampaging
Jewellery
 b - an amulet of the acrobat (around neck)
 d - a ring of protection from cold (right hand)
 f - a ring of protection from fire (left hand)
 u - a +6 ring of intelligence
 B - a ring of poison resistance
 G - a ring of resist corrosion
 K - a ring of positive energy
Wands
 n - a wand of acid (8)
 y - a wand of digging (2)
 D - a wand of paralysis (6)
 H - a wand of flame (23)
 I - a wand of polymorph (9)
Scrolls
 m - 3 scrolls of vulnerability
 o - 6 scrolls of teleportation
 t - a scroll of torment
 v - 3 scrolls of immolation
 z - 4 scrolls of fog
 C - 4 scrolls of magic mapping
 E - 3 scrolls of enchant armour
 N - 2 scrolls of blinking
 O - 5 scrolls of identify
 X - 2 scrolls of summoning
Potions
 g - 14 potions of curing
 q - 2 potions of haste
 s - 6 potions of attraction
 w - 4 potions of mutation
 A - 2 potions of invisibility
 J - 3 potions of ambrosia
 M - 5 potions of lignification
 S - 3 potions of flight
 W - 2 potions of might


   Skills:
 + Level 12.7 Fighting
 * Level 14.5 Maces & Flails
 - Level 1.0 Throwing
 + Level 7.6 Armour
 - Level 3.0 Dodging
 - Level 1.0 Stealth
 - Level 7.0 Shields
 - Level 1.0 Evocations


You had 12 spell levels left.
You didn't know any spells.
Your spell library contained the following spells:

 Spells                   Type           Power      Damage    Failure   Level
 Call Canine Familiar     Summ           0%         N/A       89%         3
 Portal Projectile        Hex/Tloc       0%         N/A       89%         3
 Tukima's Dance           Hex            0%         N/A       89%         3
 Vhi's Electric Charge    Tloc/Air       0%         N/A       89%         3
 Leda's Liquefaction      Hex/Erth       0%         N/A       100%        4
 Arcjolt                  Conj/Air       0%         1d10      100%        5
 Blade Hands              Tmut           0%         N/A       100%        5
 Plasma Beam              Fire/Air       0%         2x1d11    100%        6


Dungeon Overview and Level Annotations

Branches:
Dungeon (14/15)            Temple (1/1) D:7            Lair (0/5) D:8
    Orc (0/2) D:11
 Vaults: D:13-14

Altars:
Ashenzari
Cheibriados
Dithmenos
Fedhas
Gozag
Hepliaklqana
Kikubaaqudgha
Makhleb
Nemelex Xobeh
Okawaru
Qazlal
Ru
Sif Muna
Trog
Uskayaw
Vehumet
Wu Jian
Xom
Yredelemnul

Shops:
D:2 *


Innate Abilities, Weirdness & Mutations

You have a pair of antennae on your head.
You are mostly covered in slimy green scales. (AC +3)
Your demonic aura sometimes causes spilled blood to erupt in flames.
You regenerate health from kills.
You have large cloven feet.
You are dopey. (Int -2)
Your muscles are strong. (Str +4, Int/Dex -1)


Message History

The skeletal warrior hits you from afar with a +0 halberd!
* * * LOW HITPOINT WARNING * * *
You sock the skeletal warrior!
The skeletal warrior is lightly damaged.
You hit the skeletal warrior but do no damage.
The skeletal warrior is lightly damaged.
The skeletal warrior hits you with a +0 battleaxe!
* * * LOW HITPOINT WARNING * * *
The skeletal warrior hits you from afar with a +0 halberd!!
* * * LOW HITPOINT WARNING * * *
Unknown command.
Your skin crawls.
You feel strong-willed.
The skeletal warrior closely misses you.
The skeletal warrior barely misses you.
You feel much better.
You block the skeletal warrior's attack.
The skeletal warrior hits you from afar with a +0 halberd!!
* * * LOW HITPOINT WARNING * * *
You hit the skeletal warrior. Your kick misses the skeletal warrior.
The skeletal warrior is lightly damaged.
You sock the skeletal warrior! Your kick misses the skeletal warrior.
The skeletal warrior is moderately damaged.
You block the skeletal warrior's attack.
The skeletal warrior closely misses you.
You closely miss the skeletal warrior. Your kick misses the skeletal warrior.
The skeletal warrior is moderately damaged.
You bludgeon the skeletal warrior!!
The skeletal warrior is severely damaged.
The skeletal warrior hits you with a +0 battleaxe!
* * * LOW HITPOINT WARNING * * *
You block the skeletal warrior's attack.
You sock the skeletal warrior!
The skeletal warrior is severely damaged.
The skeletal warrior barely misses you.
You block the skeletal warrior's attack.
A red film seems to cover your vision as you go berserk!
You feel yourself moving faster!
You feel mighty!
The skeletal warrior hits you with a +0 battleaxe!!
You die...

. .. ############## #..
#.........)..# {
#?..############.# #.z...#.# #.#
{ #.z...# #.# { { ###z#.# #.# {
{{ #)#@#.# #.# #.#.#.# #.# {
###.#.#.# #.# ###......># #.#
#########..####.#.# #.#######
.#.......).......#.# #.......#
........#.########.############.#
.#.###..#...............#.....#.#
#..##########.####.##.##.#.#


You could see 2 skeletal warriors.

Vanquished Creatures
  A rakshasa (D:13)
  A hydra (D:13)
  5 centaur warriors
  6 two-headed ogres
  A boulder beetle (D:10)
  A deep elf knight (D:10)
  6 skeletal warriors (D:14)
  An orc knight (D:14)
  A deep elf pyromancer (D:14)
  Pikel (D:8)
  4 ugly things
  2 manticores (D:14)
  Maurice (D:9)
  2 cyclopes
  A black mamba (shapeshifter) (D:10)
  2 gargoyles
  Psyche (D:8)
  2 unseen horrors
  2 kobold demonologists (D:12)
  3 trolls
  3 hornets
  3 wyverns
  8 slime creatures
  3 shadows
  10 yaks
  A wraith (D:11)
  A basilisk (D:13)
  A steam dragon (D:7)
  4 vampire mosquitoes (D:13)
  A warg (D:14)
  Menkaure (D:5)
  Duvessa (D:4)
  3 acid dragons (D:9)
  4 water moccasins
  An ice beast (D:6)
  5 orc warriors
  3 black bears (D:8)
  2 ogres
  6 centaurs
  2 phantoms (D:4)
  A gnoll sergeant (D:7)
  A kobold brigand (D:8)
  2 bullfrogs (D:8)
  5 scorpions
  17 wights
  Dowan (D:4)
  9 killer bees
  6 howler monkeys
  6 hounds
  2 jellies (D:8)
  Crazy Yiuf (D:3)
  8 orc priests
  2 gnoll boudas
  3 iguanas
  Terence (D:3)
  Natasha (thrice) (D:4)
  12 orc wizards
  3 howler monkey zombies (D:9)
  17 gnolls
  5 adders
  A shadow imp (D:8)
  3 worms
  3 dart slugs
  34 orcs
  9 endoplasms
  A giant cockroach (D:4)
  8 goblins
  6 hobgoblins
  8 jackals (D:3)
  6 quokkas
  2 training dummies (D:4)
  7 ball pythons
  5 bats
  2 frilled lizards
  10 kobolds
  5 rats
  A spectral hobgoblin (D:8)
323 creatures vanquished.

Vanquished Creatures (others)
  48 fungi
  30 plants (D:8)
  2 toadstools (D:1)
80 creatures vanquished.

Grand Total: 403 creatures vanquished

Notes
Turn   | Place    | Note
-------+----------+-------------------------------------------
     0 | D:1      | IdlyInterested the Demonspawn Fighter began the quest for
                  | the Orb.
     0 | D:1      | Reached XP level 1. HP: 18/18 MP: 1/1
    77 | D:1      | You fall into a shaft and drop 1 floor!
    85 | D:2      | Found Kiemitun's Assorted Antiques.
   236 | D:1      | Reached skill level 1 in Stealth
   236 | D:1      | Gained mutation: You are partially covered in slimy green
                  | scales. (AC +2) [demonic ancestry]
   236 | D:1      | Reached XP level 2. HP: 11/25 MP: 2/2
   258 | D:1      | Found a faded altar of an unknown god.
   568 | D:1      | Reached XP level 3. HP: 30/30 MP: 3/3
  1591 | D:2      | Reached skill level 1 in Throwing
  1679 | D:2      | Bought a glowing granite ring for 125 gold pieces
  1679 | D:2      | Bought a scroll labelled HIHIRGH GIKH for 25 gold pieces
  1679 | D:2      | Bought a scroll labelled HOENUDAHUE for 25 gold pieces
  1679 | D:2      | Bought a smoky purple potion for 22 gold pieces
  1679 | D:2      | Bought a scroll labelled MABYAS OFAC for 25 gold pieces
  1679 | D:2      | Bought a viscous yellow potion for 22 gold pieces
  1923 | D:3      | Gained mutation: Your demonic aura sometimes causes spilled
                  | blood to erupt in flames. [demonic ancestry]
  1923 | D:3      | Reached XP level 4. HP: 36/38 MP: 4/4
  1928 | D:3      | Noticed an ogre
  1940 | D:3      | Killed an ogre
  1941 | D:3      | Reached skill level 5 in Fighting
  1941 | D:3      | Reached XP level 5. HP: 3/44 MP: 5/5
  2339 | D:3      | Found a runed translucent door.
  2340 | D:3      | Noticed Crazy Yiuf
  2349 | D:3      | Killed Crazy Yiuf
  2354 | D:3      | Identified the +4 hammer of Conversion {distort, rC+
                  | Will++}
  2416 | D:3      | Reached skill level 1 in Dodging
  2503 | D:3      | Found an opulent altar of Gozag.
  2505 | D:3      | Noticed Terence
  2512 | D:3      | Killed Terence
  2784 | D:3      | Found a shimmering blue altar of Sif Muna.
  2890 | D:4      | Noticed Natasha
  2895 | D:4      | Killed Natasha
  2896 | D:4      | Gained mutation: You regenerate a little health from kills.
                  | [demonic ancestry]
  2896 | D:4      | Reached XP level 6. HP: 51/52 MP: 6/6
  2925 | D:4      | Reached skill level 2 in Maces & Flails
  3167 | D:4      | Reached skill level 1 in Evocations
  3187 | D:4      | Noticed Natasha
  3193 | D:4      | Killed Natasha
  3245 | D:4      | Reached skill level 3 in Maces & Flails
  3422 | D:4      | Gained mutation: You have a pair of small antennae on your
                  | head. [demonic ancestry]
  3422 | D:4      | Reached XP level 7. HP: 59/59 MP: 7/7
  3475 | D:4      | Noticed Natasha
  3490 | D:4      | Killed Natasha
  3686 | D:4      | Noticed Duvessa
  3686 | D:4      | Noticed Dowan
  3698 | D:4      | Killed Duvessa
  3699 | D:4      | Reached skill level 4 in Maces & Flails
  3700 | D:4      | Killed Dowan
  4189 | D:5      | Entered Level 5 of the Dungeon
  4392 | D:5      | Identified 2 scrolls of acquirement
  4392 | D:5      | Acquired the +2 pair of slick slippers {slick, slippery,
                  | EV+4}
  4392 | D:5      | Found the +2 pair of slick slippers {slick, slippery, EV+4}
  4394 | D:5      | Found a radiant altar of Vehumet.
  4424 | D:5      | Acquired 788 gold pieces
  4501 | D:5      | Found an iron altar of Okawaru.
  4520 | D:5      | Gained mutation: You regenerate health from kills. [demonic
                  | ancestry]
  4520 | D:5      | Reached XP level 8. HP: 59/67 MP: 8/8
  4548 | D:5      | Reached skill level 5 in Maces & Flails
  4836 | D:5      | Found a snail-covered altar of Cheibriados.
  4855 | D:5      | Found a sparkling altar of Nemelex Xobeh.
  5320 | D:5      | Noticed Menkaure
  5327 | D:5      | Killed Menkaure
  5411 | D:5      | Upgraded the game from 0.30-a0-1103-g25895a7845 to
                  | 0.30-a0-1112-gfb780f5df6
  5598 | D:6      | Reached skill level 6 in Maces & Flails
  6577 | D:7      | Noticed a hornet
  6605 | D:7      | Killed a hornet
  6606 | D:7      | Reached skill level 7 in Maces & Flails
  6606 | D:7      | Reached XP level 9. HP: 46/74 MP: 9/9
  7095 | D:7      | Reached skill level 8 in Maces & Flails
  7757 | D:7      | Found a staircase to the Ecumenical Temple.
  7774 | Temple   | Entered the Ecumenical Temple
  7898 | Temple   | Became a worshipper of Trog the Wrathful
  8067 | D:8      | Noticed Pikel
  8069 | D:8      | Paralysed by Pikel for 2 turns
  8078 | D:8      | Killed Pikel
  8079 | D:8      | Reached skill level 9 in Maces & Flails
  8079 | D:8      | Gained mutation: You have a pair of antennae on your head.
                  | [demonic ancestry]
  8079 | D:8      | Reached XP level 10. HP: 83/83 MP: 10/10
  8158 | D:8      | Found a basalt altar of Yredelemnul.
  8271 | D:8      | Reached skill level 5 in Armour
  8277 | D:8      | Noticed Psyche
  8286 | D:8      | Killed Psyche
  8462 | D:8      | Found a staircase to the Lair.
  8538 | D:8      | Reached * piety under Trog
  8539 | D:8      | Reached skill level 10 in Maces & Flails
  8927 | D:8      | Found a hazy altar of Hepliaklqana.
  8938 | D:8      | Gained mutation: You are dopey. (Int -2) [potion of
                  | mutation]
  8938 | D:8      | Gained mutation: Your muscles are strong. (Str +4, Int/Dex
                  | -1) [potion of mutation]
  8938 | D:8      | Gained mutation: You have large cloven feet. [potion of
                  | mutation]
  9060 | D:9      | Reached skill level 5 in Shields
  9441 | D:9      | Reached skill level 10 in Fighting
  9443 | D:9      | Paralysed by a hornet for 1 turns
  9450 | D:9      | Paralysed by a hornet for 2 turns
  9874 | D:9      | Reached XP level 11. HP: 90/90 MP: 11/11
  9995 | D:9      | Noticed Maurice
 10003 | D:9      | Killed Maurice
 10147 | D:10     | Entered Level 10 of the Dungeon
 10171 | D:10     | Reached skill level 11 in Maces & Flails
 10317 | D:10     | Noticed a purple ugly thing
 10318 | D:10     | Noticed a green ugly thing
 10321 | D:10     | Noticed a boulder beetle
 10327 | D:10     | Killed a purple ugly thing
 10332 | D:10     | Killed a purple ugly thing
 10332 | D:10     | Reached ** piety under Trog
 10342 | D:10     | Killed a boulder beetle
 10527 | D:10     | Noticed a centaur warrior
 10527 | D:10     | Noticed a deep elf knight
 10539 | D:10     | Killed a centaur warrior
 10543 | D:10     | Killed a deep elf knight
 10575 | D:10     | Identified the +1 sling of Woedghif {antimagic, rPois}
 10649 | D:10     | Noticed a two-headed ogre
 10662 | D:10     | Killed a two-headed ogre
 10887 | D:10     | Found a hide-covered altar of Uskayaw.
 10918 | D:10     | Found a stormy altar of Qazlal.
 10952 | D:10     | Noticed a two-headed ogre
 10960 | D:10     | Killed a two-headed ogre
 11086 | D:10     | Reached skill level 12 in Maces & Flails
 11767 | D:11     | Found a staircase to the Orcish Mines.
 11855 | D:11     | Noticed a two-headed ogre
 11864 | D:11     | Killed a two-headed ogre
 12381 | D:12     | Noticed a two-headed ogre
 12399 | D:11     | Reached *** piety under Trog
 12400 | D:11     | Gained mutation: You are mostly covered in slimy green
                  | scales. (AC +3) [demonic ancestry]
 12400 | D:11     | Reached XP level 12. HP: 51/100 MP: 12/12
 12809 | D:12     | Killed a two-headed ogre
 12877 | D:12     | Reached skill level 13 in Maces & Flails
 13274 | D:12     | Identified the +5 flail "Lauchig" {speed, Int+2}
 13837 | D:13     | Noticed a centaur warrior
 13847 | D:13     | Killed a centaur warrior
 13988 | D:13     | Noticed a two-headed ogre
 13994 | D:13     | Killed a two-headed ogre
 14073 | D:13     | Noticed a two-headed ogre
 14083 | D:13     | Killed a two-headed ogre
 14184 | D:13     | Noticed a rakshasa
 14184 | D:13     | Noticed a five-headed hydra
 14207 | D:13     | Killed a rakshasa
 14212 | D:13     | Killed a five-headed hydra
 14223 | D:13     | Noticed a centaur warrior
 14225 | D:13     | Noticed a centaur warrior
 14233 | D:13     | Killed a centaur warrior
 14235 | D:13     | Killed a centaur warrior
 14638 | D:13     | Identified the +1 ring mail of the Jabberwock {rF- Dex+6}
 14865 | D:14     | Noticed a centaur warrior
 14875 | D:14     | Killed a centaur warrior
 14876 | D:14     | Reached skill level 14 in Maces & Flails
 15097 | D:14     | Reached XP level 13. HP: 35/109 MP: 13/13
 15387 | D:14     | Reached **** piety under Trog
 15614 | D:14     | HP: 2/109 [skeletal warrior/+0 halberd (18)]
 15622 | D:14     | Mangled by a skeletal warrior

Illustrated notes

Levels and vault maps discovered:
D:1:      evilmike_arrival_fibonacci_small, layout_basic,
          ebering_ecumenical_altar_webs, minmay_gold_behind_fungi
D:2:      layout_basic, serial_shops, shop, minivault_26
D:3:      layout_loops_ring, grunt_gozag_breadcrumbs, mainiacjoe_overflow_swirl,
          uniq_crazy_yiuf_cottage, uniq_terence
D:4:      dreamdust_elfheim, layout_basic, serial_curves, eino_curves_03,
          eino_curves_04, eino_curves_02, eino_curves_03, uniq_natasha
D:5:      layout_loops_ring, mainiacjoe_overflow_boulevard,
          nemelex_spade_bored_becter, okawaru_gym_becter, amcnicky_altar_gilded,
          uniq_duvessa, uniq_menkaure
D:6:      layout_loops_ring, zin_scriptorium, roderic_roman_lattice
D:7:      layout_loops_ring, minmay_temple_entry_statues_fountains
D:8:      layout_basic, mainiacjoe_overflow_catwalk,
          nicolae_hepliaklqana_monster_ancestors, due_lair_maze_entry_diamond,
          uniq_psyche, uniq_pikel
D:9:      layout_roguey, serial_undead, serial_undead_a, serial_undead_a,
          serial_undead_b, serial_undead_e, uniq_maurice
D:10:     minmay_shrinking_squares, layout_long_grid,
          mainiacjoe_overflow_two_lobes, serial_glass, glass_columns_c,
          glass_columns_a, glass_columns_a, glass_columns_b, glass_columns_b,
          glass_columns_a, glass_columns_a, glass_columns_a, glass_columns_a,
          glass_columns_b
D:11:     layout_gridville, david_orc_2
D:12:     layout_long_grid
D:13:     layout_roguey
D:14:     layout_basic, david_vaults_4, kennysheep_cluttered_room,
          grunt_potential, uniq_kirke
Temple:   nicolae_temple_two_arcs

Skill      XL: |  1  2  3  4  5  6  7  8  9 10 11 12 |
---------------+-------------------------------------+-----
Stealth        | 1 |  1.0
Fighting       | 4 5 6 7 8 9 10 11 12 | 12.7
Throwing       | 1 |  1.0
Armour         | 3 4 5 6 7 |  7.6
Dodging        | 1 2 3 |  3.0
Maces & Flails | 3 4 7 9 10 12 14 | 14.5
Evocations     | 1 |  1.0
Shields        | 4 5 6 7 |  7.0

Action                     |  1- 3 |  4- 6 |  7- 9 | 10-12 | 13-15 || total
---------------------------+-------+-------+-------+-------+-------++-------
  Melee: Flail             |   157 |   162 |   375 |   127 |    99 ||   920
         Unarmed           |       |       |     8 |       |       ||     8
         Morningstar       |       |       |    76 |   484 |       ||   560
         Kick              |       |       |       |    46 |    34 ||    80
  Throw: Stone             |    16 |    13 |    33 |    57 |     5 ||   124
         Dart              |     2 |     4 |     3 |    10 |       ||    19
 Invoke: Berserk           |       |       |       |     2 |     2 ||     4
         Trog's Hand       |       |       |       |       |     1 ||     1
  Evoke: Wand              |       |       |     2 |       |       ||     2
    Use: Potion            |       |     1 |     4 |     5 |     2 ||    12
         Scroll            |       |       |    23 |     4 |       ||    27
   Stab: Sleeping          |       |       |       |     1 |       ||     1
 Armour: Scale mail        |    90 |   105 |   147 |       |       ||   342
         Skin              |       |       |     3 |       |       ||     3
         Plate armour      |       |       |   107 |    83 |       ||   190
         Chain mail        |       |       |    30 |       |       ||    30
         Acid dragon scale |       |       |       |   194 |    10 ||   204
  Dodge: Dodged            |    60 |    58 |   340 |   425 |    22 ||   905
  Block: Buckler           |    44 |    35 |   139 |   183 |    13 ||   414

Table legend: (Time is in decaauts)
 A = Elapsed time spent in this place.
 B = Non-inter-level travel time spent in this place.
 C = Inter-level travel time spent in this place.
 D = Time resting spent in this place.
 E = Time spent auto-exploring this place.
 F = Levels seen in this place.
 G = Mean time per level.
                   A        B        C        D        E       F      G
               +--------+--------+--------+--------+--------+-----+--------+
         Total |  15734 |  13943 |   1791 |   2149 |   7813 |  15 | 1048.9 |
       Dungeon |  15601 |  13810 |   1791 |   2149 |   7709 |  14 | 1114.4 |
        Temple |    132 |    132 |      0 |      0 |    104 |   1 |  132.0 |
               +--------+--------+--------+--------+--------+-----+--------+

Top non-repeatable levels by time:
     D:4: 1436 daAuts
    D:10: 1318 daAuts
     D:7: 1286 daAuts
     D:5: 1275 daAuts
    D:12: 1236 daAuts
     D:6: 1159 daAuts
     D:3: 1137 daAuts
     D:9: 1129 daAuts
     D:1: 1103 daAuts
    D:11: 1048 daAuts
    D:13: 994 daAuts
     D:8: 990 daAuts
     D:2: 776 daAuts
    D:14: 707 daAuts
  Temple: 132 daAuts
